 Dungeon Crawl Stone Soup version 0.26-a0-752-gcff87cac9a (webtiles) character file.

Game seed: 6240880459627636011

74 Gargoyl the Skirmisher (level 4, -9/41 HPs)
             Began as a Gnoll Abyssal Knight on Nov 6, 2020.
             Was a Believer of Lugonu.
             Mangled by an orc warrior
             ... wielding a +0 glaive
              (17 damage)
             ... on level 2 of the Dungeon.
             The game lasted 00:02:55 (2027 turns).

Gargoyl the Skirmisher (Gnoll Abyssal Knight)       Turns: 2027, Time: 00:02:56

Health: -9/41      AC: 10    Str: 21    XL:     4   Next: 30%
Magic:  7/7        EV:  9    Int: 22    God:    Lugonu [**....]
Gold:   84         SH:  0    Dex: 14    Spells: 5/5 levels left

rFire    . . .     SeeInvis .   a - +1 hand axe
rCold    x . .     Faith    .   (no shield)
rNeg     + + +     Spirit   .   i - +1 chain mail (curse)
rPois    +         Reflect  .   (no helmet)
rElec    .         Harm     .   (no cloak)
rCorr    .         Rampage  .   (no gloves)
MR       .....                  (no boots)
Stlth    ..........             (no amulet)
HPRegen  0.13/turn              c - ring of the Yeti {Wiz rPois rC- rN+++ Int+7}
MPRegen  0.10/turn              l - +6 ring of strength

@: no status effects
A: distributed training, fangs 1, strong nose
a: Depart the Abyss, Bend Space, Renounce Religion


You were on level 2 of the Dungeon.
You worshipped Lugonu.
Lugonu was pleased with you.
You visited 1 branch of the dungeon, and saw 3 of its levels.
You visited the Abyss 1 time.

You collected 84 gold pieces.

Inventory:

Hand Weapons
 a - a +1 hand axe (weapon)
Armour
 i - a cursed +1 chain mail (worn)
Jewellery
 c - the ring of the Yeti (left hand) {Wiz rPois rC- rN+++ Int+7}
   (You acquired it on level 2 of the Abyss)

   [ring of wizardry]

   It improves your spell success rate.
   It affects your intelligence (+7).
   It makes you vulnerable to cold.
   It protects you from poison.
   It renders you almost immune to negative energy.
 e - an uncursed amulet of guardian spirit {unknown}
 l - a +6 ring of strength (right hand)
 m - an uncursed ring of see invisible
Wands
 d - a wand of flame (11)
Scrolls
 b - 2 scrolls of enchant armour
Potions
 f - a potion of degeneration {unknown}
 h - 8 potions of curing {unknown}
 j - a potion of resistance {unknown}
 k - a potion of haste {unknown}
 n - a potion of ambrosia {unknown}


   Skills:
 + Level 6.6 Fighting
 + Level 1.1 Short Blades
 + Level 1.1 Long Blades
 + Level 4.6 Axes
 + Level 1.1 Maces & Flails
 + Level 1.1 Polearms
 + Level 1.1 Staves
 + Level 1.1 Slings
 + Level 1.1 Bows
 + Level 1.1 Crossbows
 + Level 1.1 Throwing
 + Level 4.6 Armour
 + Level 2.7 Dodging
 + Level 1.1 Stealth
 + Level 1.1 Shields
 + Level 1.1 Unarmed Combat
 + Level 1.1 Spellcasting
 + Level 0.8 Conjurations
 + Level 0.8 Hexes
 + Level 0.8 Summonings
 + Level 0.8 Necromancy
 + Level 0.8 Translocations
 + Level 0.8 Transmutations
 + Level 0.8 Fire Magic
 + Level 0.8 Ice Magic
 + Level 0.8 Air Magic
 + Level 0.8 Earth Magic
 + Level 0.8 Poison Magic
 + Level 4.7 Invocations
 + Level 1.1 Evocations


You had 5 spell levels left.
You didn't know any spells.
Your spell library was empty.

Dungeon Overview and Level Annotations

Branches:
Dungeon (3/15)

Altars:
Okawaru
Ru


Innate Abilities, Weirdness & Mutations

Your experience applies equally to all skills.
You have very sharp teeth.
Your uncanny sense of smell can sniff out nearby items.


Message History

You slash the adder!
You kill the adder!
Lugonu accepts your kill.
You can now bend space around yourself.
You feel sick.
Unknown command.
Search for what [? for help]? dart You feel sick.
You feel sick.
You feel sick.
You are no longer poisoned.
There is an open door here.
There is a stone staircase leading up here.
You climb upwards.
The orc warrior hits you with a +0 glaive!!
Ouch! That really hurt!
* * * LOW HITPOINT WARNING * * *
There is a stone staircase leading down, spattered with blood here.
Okay, then.
The orc warrior hits you from afar with a +0 glaive!
You die...

#.########.###########.#
#............## #.#
#..#..........# #.#
#..#.#####.#..# #######
#..#.# #.#..# #P^P^^###
#..#.# #.#..# #^..P.#.P
#..... #.#..# #PP_P..#.
##.#.. ∆ #.#..#
#P....#.. #.#.##
#.#@.#### #P.P.P###
#.#.# #.#>.#.. #######
#.#####.#.o#.#
..........#.#######
..................# ∆
.##########.###... #.#
#.# #)#


You could see an orc warrior.

Vanquished Creatures
  3 adders
  2 oozes
  A dart slug (D:1)
  4 bats
  A giant cockroach (D:1)
  4 goblins
  4 hobgoblins
  3 jackals (D:2)
  5 kobolds
  5 frilled lizards
  7 rats (D:1)
39 creatures vanquished.

Vanquished Creatures (others)
  3 plants (D:2)
3 creatures vanquished.

Grand Total: 42 creatures vanquished

Notes
Turn   | Place    | Note
-------+----------+-------------------------------------------
     0 | Abyss:1  | Gargoyl the Gnoll Abyssal Knight began the quest for the
                  | Orb.
     0 | Abyss:1  | Reached XP level 1. HP: 23/23 MP: 3/3
    73 | Abyss:2  | Identified a scroll of acquirement
    73 | Abyss:2  | Acquired the ring of the Yeti {Wiz rPois rC- rN+++ Int+7}
   102 | Abyss:2  | Noticed a quasit
   122 | D:1      | Escaped the Abyss
   480 | D:1      | Reached XP level 2. HP: 24/29 MP: 5/5
   485 | D:1      | Reached * piety under Lugonu
   846 | D:1      | Found an iron altar of Okawaru.
   859 | D:1      | Reached XP level 3. HP: 35/35 MP: 6/6
  1421 | D:2      | Found a sacrificial altar of Ru.
  1486 | D:2      | Reached skill level 1 in Short Blades
  1486 | D:2      | Reached skill level 1 in Long Blades
  1486 | D:2      | Reached skill level 1 in Maces & Flails
  1486 | D:2      | Reached skill level 1 in Polearms
  1486 | D:2      | Reached skill level 1 in Staves
  1486 | D:2      | Reached skill level 1 in Slings
  1486 | D:2      | Reached skill level 1 in Bows
  1486 | D:2      | Reached skill level 1 in Crossbows
  1486 | D:2      | Reached skill level 1 in Throwing
  1486 | D:2      | Reached skill level 1 in Stealth
  1486 | D:2      | Reached skill level 1 in Shields
  1486 | D:2      | Reached skill level 1 in Unarmed Combat
  1486 | D:2      | Reached skill level 1 in Spellcasting
  1486 | D:2      | Reached skill level 1 in Evocations
  1486 | D:2      | Reached XP level 4. HP: 41/41 MP: 7/7
  1592 | D:2      | Noticed an orc warrior
  1995 | D:3      | Reached ** piety under Lugonu
  2027 | D:2      | Mangled by an orc warrior

Illustrated notes

Levels and vault maps discovered:
D:1:      ebering_hopf_link, layout_loops_ring, okawaru_ov_weapons_minmay
D:2:      layout_loops_ring, nicolae_ru_the_path_less_chosen,
          uniq_crazy_yiuf_cottage
D:3:      layout_basic, elyvilon_altar_3, minmay_ruptured

Skill      XL: |  1  2  3 |
---------------+----------+-----
Short Blades   | 1 |  1.1
Long Blades    | 1 |  1.1
Maces & Flails | 1 |  1.1
Polearms       | 1 |  1.1
Staves         | 1 |  1.1
Slings         | 1 |  1.1
Bows           | 1 |  1.1
Crossbows      | 1 |  1.1
Throwing       | 1 |  1.1
Stealth        | 1 |  1.1
Shields        | 1 |  1.1
Unarmed Combat | 1 |  1.1
Spellcasting   | 1 |  1.1
Evocations     | 1 |  1.1
Fighting       | |  6.6
Axes           | |  4.6
Armour         | |  4.6
Dodging        | |  2.7
Conjurations   | |  0.8
Hexes          | |  0.8
Summonings     | |  0.8
Necromancy     | |  0.8
Translocations | |  0.8
Transmutations | |  0.8
Fire Magic     | |  0.8
Ice Magic      | |  0.8
Air Magic      | |  0.8
Earth Magic    | |  0.8
Poison Magic   | |  0.8
Invocations    | |  4.7

Action                   |  1- 3 |  4- 6 || total
-------------------------+-------+-------++-------
Melee: Hand axe          |   107 |    23 ||   130
       Bite              |     3 |     3 ||     6
Throw: Dart              |     8 |     2 ||    10
Invok: Depart the Abyss  |     1 |       ||     1
  Use: Scroll            |     4 |       ||     4
 Stab: Invisible         |     2 |     1 ||     3
Armor: Leather armour    |    28 |       ||    28
       Chain mail        |    65 |    11 ||    76
Dodge: Dodged            |   105 |     8 ||   113

Table legend: (Time is in decaauts)
 A = Elapsed time spent in this place.
 B = Non-inter-level travel time spent in this place.
 C = Inter-level travel time spent in this place.
 D = Time resting spent in this place.
 E = Time spent auto-exploring this place.
 F = Levels seen in this place.
 G = Mean time per level.
                   A        B        C        D        E       F      G
               +--------+--------+--------+--------+--------+-----+--------+
         Total |   2037 |   1982 |     55 |    249 |   1295 |   5 |  407.4 |
       Dungeon |   1915 |   1860 |     55 |    249 |   1206 |   3 |  638.3 |
         Abyss |    121 |    121 |      0 |      0 |     89 |   2 |   60.5 |
               +--------+--------+--------+--------+--------+-----+--------+

Top non-repeatable levels by time:
     D:1: 1085 daAuts
     D:2: 419 daAuts
     D:3: 410 daAuts
 Abyss:2: 86 daAuts
 Abyss:1: 35 daAuts
